 Dungeon Crawl Stone Soup version 0.32-a0-871-ge202e49faa (webtiles) character file.

Game seed: 14368540966531334068

91 Frost42 the Covered (level 4, -3/44 HPs)
             Began as a Mountain Dwarf Fighter on Mar 29, 2024.
             Slain by Crazy Yiuf
             ... wielding a +3 quarterstaff of chaos
              (7 damage)
             ... on level 2 of the Dungeon.
             The game lasted 00:07:00 (1698 turns).

Frost42 the Covered (Mountain Dwarf Fighter)        Turns: 1698, Time: 00:07:00

Health: -3/44      AC:  7    Str: 20    XL:     4   Next: 33%
Magic:  4/4        EV:  8    Int:  9    God:
Gold:   76         SH:  4    Dex:  9    Spells: 3/3 levels left

rFire   + . .        j - +1 dagger (venom)
rCold   + . .        c - +0 buckler
rNeg    . . .        b - +0 scale mail
rPois   +            (no helmet)
rElec   +            p - +0 cloak
rCorr   +            (no gloves)
SInv    .            f - +1 pair of boots
Will    .....        (no amulet) Stlth
                     (no ring)
HPRegen 0.27/turn    (no ring)
MPRegen 0.09/turn

%: no passive effects
@: resistant
A: runic magic, artefact enchanting, deformed body, robust 1, MP-powered wands
a: no special abilities


You were on level 2 of the Dungeon.
You visited 1 branch of the dungeon, and saw 2 of its levels.

You collected 76 gold pieces.

Inventory:

Hand Weapons
 a - a +0 war axe
 j - a +1 dagger of venom (weapon)
Missiles
 k - 2 stones (quivered)
Armour
 b - a +0 scale mail (worn)
 c - a +0 buckler (worn)
 f - a +1 pair of boots (worn)
 p - a +0 cloak (worn)
Jewellery
 e - a ring of wizardry
Scrolls
 i - a scroll of amnesia {unknown}
 l - a scroll of fog {unknown}
 o - a scroll of enchant armour {unknown}
 t - a scroll of poison {unknown}
Potions
 d - 2 potions of might
 g - a potion of curing {unknown}
 h - a potion of lignification {unknown}
 m - a potion of enlightenment {unknown}
 r - a potion of resistance {unknown}


   Skills:
 + Level 4.0 Fighting
 + Level 3.5 Axes
 + Level 4.3 Armour
 + Level 3.6 Shields


You had 3 spell levels left.
You didn't know any spells.
Your spell library was empty.

Dungeon Overview and Level Annotations

Branches:
Dungeon (2/15)

Altars:

Annotations:
D:2 Crazy Yiuf


Innate Abilities, Weirdness & Mutations

Your spellcasting is much less encumbered by armour.
You can use scrolls of enchantment on lesser artefacts.
Armour fits poorly on your strangely shaped body.
You are robust. (+10% HP)
You expend magic power (3 MP) to strengthen your wands.


Message History

You feel robust.
You feel your magical essence link to the dungeon's wands.
Your body twists and deforms.
As you read the scroll of identify, it crumbles to dust.
n - a scroll of torment You drop a scroll of torment.
You open the door. You hit Crazy Yiuf.
Crazy Yiuf is lightly wounded.
Crazy Yiuf hits you with a +3 quarterstaff of chaos.
You hit Crazy Yiuf but do no damage.
Crazy Yiuf is poisoned.
Crazy Yiuf is lightly wounded.
Crazy Yiuf closely misses you.
You hit Crazy Yiuf but do no damage.
Crazy Yiuf looks even sicker.
Crazy Yiuf is lightly wounded.
Crazy Yiuf screams, "Cake!"
Crazy Yiuf hits you with a +3 quarterstaff of chaos!
You fall asleep.
Crazy Yiuf hits you with a +3 quarterstaff of chaos!!
You wake up.
Ouch! That really hurt!
* * * LOW HITPOINT WARNING * * *
You closely miss Crazy Yiuf.
Crazy Yiuf is moderately wounded.
Crazy Yiuf laughs, "Peeping tea senile!"
You block Crazy Yiuf's attack.
You barely miss Crazy Yiuf.
Crazy Yiuf is moderately wounded.
Crazy Yiuf says, "Snower tortoise senile!"
Crazy Yiuf hits you with a +3 quarterstaff of chaos.
* * * LOW HITPOINT WARNING * * *
You feel protected.
You completely miss Crazy Yiuf.
Crazy Yiuf is heavily wounded.
Crazy Yiuf cries, "Tosser!
Gnoll blue bush."
Crazy Yiuf barely misses you.
You hit Crazy Yiuf but do no damage.
Crazy Yiuf looks as sick as possible!
Crazy Yiuf is heavily wounded.
Crazy Yiuf hits you with a +3 quarterstaff of chaos!
You die...

###♣♣♣♣♣ ##.#..♣.♣♣♣
### ###....P.♣..♣#...#
#......♣♣♣♣♣@g...#
##.#..#P♣ ♣♣#..)#
#..####♣♣ ### #.##
####.# .....#
########## .....#
#........# .....###
#........##
.......######.........#


You could see Crazy Yiuf (extremely poisoned).

Vanquished Creatures
  Jessica (D:2)
  2 adders (D:2)
  2 ribbon worms (D:2)
  3 endoplasms
  A giant cockroach (D:1)
  3 goblins
  8 hobgoblins
  6 jackals (D:1)
  2 ball pythons
  4 bats
  A frilled lizard (D:2)
  5 kobolds
  2 rats
40 creatures vanquished.

Notes
Turn   | Place    | Note
-------+----------+-------------------------------------------
     0 | D:1      | Frost42 the Mountain Dwarf Fighter began the quest for the
                  | Orb.
     0 | D:1      | Reached XP level 1. HP: 19/19 MP: 1/1
    40 | D:1      | Reached XP level 2. HP: 26/26 MP: 2/2
  1277 | D:2      | Reached XP level 3. HP: 28/31 MP: 3/3
  1466 | D:2      | Noticed Jessica
  1483 | D:2      | Killed Jessica
  1484 | D:2      | Reached XP level 4. HP: 28/40 MP: 4/4
  1680 | D:2      | Found a runed translucent door.
  1681 | D:2      | Noticed Crazy Yiuf
  1686 | D:2      | Gained mutation: Potions are less effective at restoring
                  | your health. [potion of mutation]
  1686 | D:2      | Gained mutation: You have large cloven feet. [potion of
                  | mutation]
  1686 | D:2      | Gained mutation: Your flesh is cold resistant. (rC+)
                  | [potion of mutation]
  1687 | D:2      | Lost mutation: Your flesh is cold resistant. (rC+) [potion
                  | of mutation]
  1687 | D:2      | Lost mutation: Potions are less effective at restoring your
                  | health. [potion of mutation]
  1687 | D:2      | Lost mutation: You have large cloven feet. [potion of
                  | mutation]
  1687 | D:2      | Gained mutation: You are robust. (+10% HP) [potion of
                  | mutation]
  1687 | D:2      | Gained mutation: You expend magic power (3 MP) to
                  | strengthen your wands. [potion of mutation]
  1687 | D:2      | Gained mutation: Armour fits poorly on your strangely
                  | shaped body. [potion of mutation]
  1698 | D:2      | Slain by Crazy Yiuf

Illustrated notes

Levels and vault maps discovered:
D:1:      dpeg_arrival_brainrot, layout_basic, roderic_lattice_a
D:2:      layout_rooms, uniq_jessica, uniq_crazy_yiuf_cottage

Skill      XL: |  1  2  3 |
---------------+----------+-----
Axes           | 3 |  3.5
Armour         | 4 |  4.3
Fighting       | 4 |  4.0
Shields        | |  3.6

Action                     |  1- 3 |  4- 6 || total
---------------------------+-------+-------++-------
  Melee: War axe           |    80 |    18 ||    98
         Dagger            |       |     7 ||     7
  Throw: Stone             |     3 |     4 ||     7
    Use: Scroll            |       |     2 ||     2
         Potion            |       |     2 ||     2
 Armour: Scale mail        |   115 |    14 ||   129
  Dodge: Dodged            |    61 |     9 ||    70
  Block: Buckler           |    27 |     4 ||    31

Table legend: (Time is in decaauts)
 A = Elapsed time spent in this place.
 B = Non-inter-level travel time spent in this place.
 C = Inter-level travel time spent in this place.
 D = Time resting spent in this place.
 E = Time spent auto-exploring this place.
 F = Levels seen in this place.
 G = Mean time per level.
                   A        B        C        D        E       F      G
               +--------+--------+--------+--------+--------+-----+--------+
         Total |   1748 |   1623 |    125 |    127 |    536 |   2 |  874.0 |
       Dungeon |   1748 |   1623 |    125 |    127 |    536 |   2 |  874.0 |
               +--------+--------+--------+--------+--------+-----+--------+

Top non-repeatable levels by time:
     D:1: 1337 daAuts
     D:2: 410 daAuts
